 Dungeon Crawl Stone Soup version 0.27.1-33-g824d729ab1 (webtiles) character file.

Game seed: 4130144024696407745

59 pkoi the Ruffian (level 3, 0/29 HPs)
             Began as a Draconian Gladiator on Dec 17, 2021.
             Slain by a gnoll (7 damage)
             ... on level 1 of the Dungeon.
             The game lasted 00:01:31 (1244 turns).

pkoi the Ruffian (Draconian Gladiator)              Turns: 1244, Time: 00:01:32

Health: 0/29       AC:  5    Str: 16    XL:     3   Next: 78%
Magic:  3/3        EV: 17    Int:  9    God:
Gold:   48         SH:  0    Dex: 18    Spells: 2/2 levels left

rFire    . . .     SeeInvis .     - Unarmed
rCold    . . .     Faith    .   (no shield)
rNeg     . . .     Spirit   .   (armour unavailable)
rPois    .         Reflect  .   a - +0 hat
rElec    .         Harm     .   (no cloak)
rCorr    .         Rampage  .   (no gloves)
Will     .....                  (no boots)
Stlth    ++........             (no amulet)
HPRegen  0.09/turn              g - +4 ring of evasion
MPRegen  0.08/turn              h - +6 ring of dexterity

@: no status effects
A: AC +5, unfitting armour, cold-blooded
a: no special abilities


You were on level 1 of the Dungeon.
You visited 1 branch of the dungeon, and saw 2 of its levels.

You collected 48 gold pieces.

Inventory:

Hand Weapons
 c - a +0 short sword
 e - a +0 short sword
Missiles
 b - 3 throwing nets (quivered)
Armour
 a - a +0 hat (worn)
Jewellery
 g - a +4 ring of evasion (left hand)
 h - a +6 ring of dexterity (right hand)
Scrolls
 d - a scroll of noise {unknown}
Potions
 f - a potion of curing {unknown}


   Skills:
 - Level 2.1 Fighting
 - Level 1.7 Throwing
 - Level 2.6 Dodging
 + Level 4.8 Unarmed Combat


You had 2 spell levels left.
You didn't know any spells.
Your spell library was empty.

Dungeon Overview and Level Annotations

Branches:
Dungeon (2/15)

Altars:

Shops:
D:1 (


Innate Abilities, Weirdness & Mutations

Your plain brown scales are hard. (AC +5)
You cannot fit into any form of body armour.
You are cold-blooded and may be slowed by cold attacks.


Message History

You are too injured to fight recklessly!
You are too injured to fight recklessly!
You are too injured to fight recklessly!
You are too injured to fight recklessly!
You are too injured to fight recklessly!
You are too injured to fight recklessly!
You are too injured to fight recklessly!
You are too injured to fight recklessly!
You are too injured to fight recklessly!
You are too injured to fight recklessly!
You are too injured to fight recklessly!
You are too injured to fight recklessly!
You are too injured to fight recklessly!
You are too injured to fight recklessly!
You are too injured to fight recklessly!
You are too injured to fight recklessly!
A worm comes into view.
The gnoll hits you with a +0 spear.
* * * LOW HITPOINT WARNING * * *
There is a stone staircase leading up, spattered with blood here.
You see here a giant cockroach corpse.
The gnoll barely misses you. x2
You climb upwards.
There is a stone staircase leading down here.
Unknown command.
Unknown command.
Unknown command.
You completely miss the gnoll.
The gnoll is almost dead.
The gnoll barely misses you.
You closely miss the gnoll. Your punch misses the gnoll.
The gnoll is almost dead.
The gnoll hits you with a +0 flail.
* * * LOW HITPOINT WARNING * * *
The gnoll hits you with a +0 spear.
* * * LOW HITPOINT WARNING * * *
You closely miss the gnoll.
The gnoll is severely wounded.
The gnoll barely misses you. The gnoll hits you with a +0 spear!
You die...

##..########.#.#.#
##..# #.#.#.#### #..#
#####.#.#....# #..#
#.....#.####.# #..#
#.#####.####.# #..#
#.# #.....##.# #..#
#.###.###.##.# #..#
#.##..# #.g..#
##..####.##..###@####
.......(.[.....g.#
##..#######.######
#.># #.# ##..#
#.####### ....#
#.......# ##.##
#######.# #.# #.##
#.# #..#


You could see 2 gnolls.

Vanquished Creatures
  An adder (D:2)
  4 dart slugs
  An endoplasm (D:1)
  A giant cockroach (D:2)
  3 goblins (D:1)
  5 hobgoblins
  6 kobolds (D:1)
  4 quokkas (D:1)
  3 ball pythons
  6 bats
  4 frilled lizards (D:1)
  2 rats (D:1)
40 creatures vanquished.

Vanquished Creatures (others)
  A ball python (D:2)
1 creature vanquished.

Grand Total: 41 creatures vanquished

Notes
Turn   | Place    | Note
-------+----------+-------------------------------------------
     0 | D:1      | pkoi the Draconian Gladiator began the quest for the Orb.
     0 | D:1      | Reached XP level 1. HP: 17/17 MP: 1/1
   462 | D:1      | Found Cyff's Antique Weapon Boutique.
   510 | D:1      | Reached XP level 2. HP: 18/24 MP: 2/2
   668 | D:1      | Reached skill level 4 in Unarmed Combat
   746 | D:1      | You fall into a shaft and drop 1 floor!
   766 | D:2      | Reached XP level 3. HP: 26/29 MP: 3/3
  1244 | D:1      | Slain by a gnoll

Illustrated notes

Levels and vault maps discovered:
D:1:      heliophobic_arrival_dark_side_of_the_moon, layout_loops_ring,
          serial_shops, nicolae_shop_competitors_out_of_business
D:2:      layout_rooms, ebering_ecumenical_altar_webs

Skill      XL: |  1  2 |
---------------+-------+-----
Unarmed Combat | 4 |  4.8
Fighting       | |  2.1
Throwing       | |  1.7
Dodging        | |  2.6

Action                   || total
-------------------------++-------
Melee: Unarmed           ||   135
       Tailslap          ||    12
       Punch             ||     1
 Stab: Distracted        ||     1
Armor: Skin              ||    38
Dodge: Dodged            ||   112
